 Dungeon Crawl Stone Soup version 0.17.0-26-gececa24 (webtiles) character file.

50 Raultor the Changer (level 3, 0/23 HPs)
             Began as an Octopode Transmuter on Nov 19, 2015.
             Slain by an adder (1 damage)
             ... on level 2 of the Dungeon.
             The game lasted 00:03:47 (1425 turns).

Raultor the Changer (Octopode Transmuter)           Turns: 1425, Time: 00:03:47

Health: 0/23       AC:  1    Str: 10    XL:     3   Next: 79%
Magic:  3/6        EV: 12    Int: 20    God:
Gold:   44         SH:  0    Dex: 12    Spells: 2 memorised, 2 levels left

rFire  . . .     SeeInvis .       - Unarmed
rCold  . . .     Clarity  .     (no shield)
rNeg   . . .     SustAt   .     (helmet restricted)
rPois  .         Gourm    .     (no amulet)
rElec  .         Spirit   .     (no ring)
rCorr  .         Warding  .     (no ring)
rMut   .         Stasis   .     (no ring)
MR     .....                    (no ring)
Stlth  ++........               (no ring)
                                (no ring)
                                (no ring)
                                (no ring)

@: brilliant, lethally poisoned (0 -> -3), very slightly contaminated, not
resistant to hostile enchantments, unstealthy
A: almost no armour, amphibious, 8 rings, constrict 8, camouflage 1, gelatinous
body 1
a: no special abilities


You were on level 2 of the Dungeon.
You were not hungry.

You visited 1 branch of the dungeon, and saw 2 of its levels.

You collected 44 gold pieces.

Inventory:

Missiles
 a - 49 arrows
 e - 26 stones (quivered)
Scrolls
 d - 2 scrolls of remove curse {unknown}
 g - a scroll of identify {unknown}
 j - a scroll of teleportation {unknown}
Potions
 k - a potion of agility {unknown}
Books
 b - a book of Changes

   Spells                             Type                      Level
   a - Beastly Appendage              Transmutation                1
   b - Sticks to Snakes               Transmutation                2
   c - Spider Form                    Transmutation/Poison         3
   d - Ice Form                       Ice/Transmutation            4
   e - Blade Hands                    Transmutation                5
Comestibles
 c - 2 bread rations
 f - 3 fruits
 i - 2 chunks of flesh


   Skills:
 - Level 1.0 Fighting
 - Level 2.0 Dodging
 - Level 3.0 Unarmed Combat
 - Level 2.0 Spellcasting
 + Level 4.0 Transmutations


You had 2 spell levels left.
You knew the following spells:

 Your Spells              Type           Power        Failure   Level  Hunger
a - Beastly Appendage     Trmt           ####..       1%          1    #......
b - Spider Form           Trmt/Pois      ###.......   2%          3    ###....


Dungeon Overview and Level Annotations

Branches:
Dungeon (2/15)

Altars:


Innate Abilities, Weirdness & Mutations

You cannot wear most types of armour.
You are amphibious.
You can wear up to eight rings at the same time.
You can use your tentacles to constrict eight enemies at once.
Your skin changes colour to match your surroundings (Stealth).
Your rubbery body absorbs attacks (AC +1).


Message History

The adder bites you but does no damage. The giant newt barely misses you.
You barely miss the adder. Your grab misses the adder.
Your squeeze misses the adder. The adder bites you. The giant newt bites you.
You tentacle-slap the adder. Your grab misses the adder.
The adder is moderately wounded.
The adder bites you.
* * * LOW HITPOINT WARNING * * *
The giant newt barely misses you. The adder misses you.
You barely miss the adder. Your grab misses the adder.
The adder is moderately wounded.
* * * LOW HITPOINT WARNING * * *
You feel sick. The giant newt bites you.
* * * LOW HITPOINT WARNING * * *
The adder misses you.
You see here 11 gold pieces.
Drink which item? (? for menu, Esc to quit)
It was a potion of brilliance.
You feel clever all of a sudden. The adder bites you.
You die...

#.# #.# #.
####.#
.###....##
..........#
#####.###.#
#. ##.#
#.##..#
.#####.#.#<##
......lS@...#
.......#...##
.########..#
#..# ...# #$#
.# ##


You could see an adder and a giant newt.

Vanquished Creatures
  2 worms (D:2)
  2 giant geckos
  3 bats
  3 giant cockroaches (D:1)
  7 goblins
  2 hobgoblins (D:1)
  6 jackals (D:1)
  4 giant newts
  3 kobolds (D:1)
  9 rats
41 creatures vanquished.

Notes
Turn   | Place    | Note
--------------------------------------------------------------
     0 | D:1      | Raultor the Octopode Transmuter began the quest for the Orb.
     0 | D:1      | Reached XP level 1. HP: 13/13 MP: 3/3
    75 | D:1      | Reached XP level 2. HP: 11/18 MP: 5/5
   241 | D:1      | Reached XP level 3. HP: 10/23 MP: 6/6
   246 | D:1      | Learned a level 3 spell: Spider Form
  1254 | D:2      | Reached skill level 4 in Transmutations
  1423 | D:2      | HP: 1/23 [giant newt (2)]
  1425 | D:2      | Slain by an adder

Action                   || total
-------------------------++-------
Melee: Unarmed           ||   102
Throw: Stone             ||     1
 Cast: Beastly Appendage ||     2
       Spider Form       ||     1
  Use: Potion            ||     1
 Stab: Sleeping          ||     6
       Distracted        ||     1
  Eat: Chunk             ||     2
